 Dungeon Crawl Stone Soup version 0.30.0 (webtiles) character file.

Game seed: 13900626058100099356

95820 brinewave the Warrior (level 15, -5/141 HPs)
             Began as a Minotaur Berserker on May 19, 2023.
             Was a High Priest of Trog.
             Slain by an entropy weaver (14 damage)
             ... on level 1 of the Spider Nest on May 20, 2023.
             The game lasted 01:33:59 (25839 turns).

brinewave the Warrior (Minotaur Berserker)         Turns: 25839, Time: 01:34:00

Health: -5/141     AC:  3    Str: 30    XL:     15   Next: 67%
Magic:  14/14      EV: 11    Int:  4    God:    Trog [*****.]
Gold:   457        SH: 19    Dex:  9    Spells: 14/14 levels left

rFire   . . .        a - +10 broad axe "Utrid" {freeze, rElec Stlth+}
rCold   + . .        m - +2 tower shield {reflect}
rNeg    . . .        t - +0 plate armour
rPois   +            (helmet restricted)
rElec   +            o - +2 cloak
rCorr   .            L - +0 pair of gloves
SInv    +            H - +0 pair of boots of Feasting {rC+}
Will    +++..        i - amulet of the acrobat Stlth
                     F - ring of see invisible
HPRegen 1.43/turn    U - ring of poison resistance
MPRegen 0.14/turn

%: reflection, acrobat
@: strong-willed, corroded, regenerating, studying Throwing
A: horns 2, retaliatory headbutt
a: Renounce Religion, Berserk, Trog's Hand, Brothers in Arms


You were on level 1 of the Spider Nest.
You worshipped Trog.
Trog was extremely pleased with you.
You visited 4 branches of the dungeon, and saw 23 of its levels.
You also visited: Bailey and Gauntlet.

You collected 2342 gold pieces.
You spent 1885 gold pieces at shops.

Inventory:

Hand Weapons
 a - the +10 broad axe "Utrid" (weapon) {freeze, rElec Stlth+}
   (You took it off a minotaur in a Gauntlet)

   rElec:     It insulates you from electricity.
   Stlth:     It makes you more stealthy.
 b - a +2 hand axe of flaming
Missiles
 d - 75 poisoned darts
 l - 10 javelins (quivered)
 B - 20 boomerangs
 N - 5 curare-tipped darts
 O - 15 silver javelins
 S - 2 silver boomerangs
 Z - 6 boomerangs of dispersal
Armour
 m - a +2 tower shield of reflection (worn)
 o - a +2 cloak (worn)
 t - a +0 plate armour (worn)
 x - the +2 leather armour of Tionguod {-Tele rF+ rC++ Dex+5}
   (You found it on level 4 of the Dungeon)

   Dex:       It affects your dexterity (+5).
   rF:        It protects you from fire.
   rC:        It greatly protects you from cold.
   -Tele:     It prevents most forms of teleportation.
 H - the +0 pair of boots of Feasting (worn) {rC+}
   (You found it in a Gauntlet)

   rC:        It protects you from cold.
 L - a +0 pair of gloves (worn)
 Q - a +1 chain mail of willpower
Jewellery
 i - an amulet of the acrobat (around neck)
 F - a ring of see invisible (left hand)
 G - a ring of positive energy
 R - the ring of Pynuv {Wiz rCorr}
   (You found it on level 5 of the Lair of Beasts)

   [ring of wizardry]

   It improves your spell success rate.
   rCorr:     It protects you from acid and corrosion.
 T - a ring of willpower
 U - a ring of poison resistance (right hand)
 V - the ring "Perixt" {rF+ Int+2 Stlth+}
   (You bought it in a shop on level 2 of the Orcish Mines)

   [ring of protection from fire]

   Int:       It affects your intelligence (+2).
   rF:        It protects you from fire.
   Stlth:     It makes you more stealthy.
 W - the ring of Uvarulod {Str+6 Dex+3}
   (You found it in a Gauntlet)

   [ring of strength]

   Str:       It affects your strength (+6).
   Dex:       It affects your dexterity (+3).
 Y - a ring of protection from cold
Wands
 j - a wand of quicksilver (11)
 k - a wand of digging (4)
 w - a wand of flame (5)
 z - a wand of paralysis (7)
 C - a wand of mindburst (29)
Scrolls
 c - 3 scrolls of fear
 e - 3 scrolls of butterflies
 f - 13 scrolls of teleportation
 q - 4 scrolls of blinking
 u - 2 scrolls of magic mapping
 v - 3 scrolls of immolation
 y - 2 scrolls of poison
 D - a scroll of brand weapon
 P - a scroll of fog
Potions
 g - 2 potions of ambrosia
 h - 4 potions of resistance
 n - 2 potions of cancellation
 p - a potion of mutation
 r - 8 potions of heal wounds
 s - 5 potions of might
 A - 2 potions of berserk rage
 E - 3 potions of invisibility
 I - 11 potions of curing
 K - 4 potions of flight
 M - 3 potions of haste
Miscellaneous
 J - a phantom mirror
 X - a phial of floods


   Skills:
 + Level 15.1 Fighting
 + Level 14.9 Axes
 + Level 12.8 Throwing
 + Level 14.8 Armour
 + Level 13.6 Dodging
 + Level 14.4 Shields


You had 14 spell levels left.
You didn't know any spells.
Your spell library was empty.

Dungeon Overview and Level Annotations

Branches:
Dungeon (15/15)            Temple (0/1) D:5            Lair (5/5) D:11
  Swamp (0/4) Lair:3       Spider (1/4) Lair:3        Slime (0/5) Lair:4
    Orc (2/2) D:10            Elf (0/3) Orc:2        Vaults (0/5) D:14
 Depths (0/4) D:15         Bailey (visited)         Gauntlet (visited)

Altars:
Gozag
Kikubaaqudgha
Okawaru
Ru
Sif Muna
Uskayaw
Vehumet
Xom
Yredelemnul
The Shining One

Shops:
D:7 [*[!   D:9 (*((   D:14 *   Orc:2 =*[(

Annotations:
D:3 1 runed translucent door, Crazy Yiuf


Innate Abilities, Weirdness & Mutations

You have a pair of horns on your head.
You reflexively headbutt those who attack you in melee.


Message History

A tarantella comes into view.
The tarantella's many legs skitter faintly.
The wolf spider's many legs skitter.
Okay, then.
You feel better. You block the entropy weaver's attack.
The entropy weaver closely misses you.
You block the entropy weaver's attack. x2
You block the wolf spider's attack.
The wolf spider bites you but does no damage.
The entropy weaver hits you. x2; The entropy weaver hits you! x2
* * * LOW HITPOINT WARNING * * *
Your deep troll goes berserk!
The wolf spider barely misses you. You furiously retaliate!
You headbutt the wolf spider, but do no damage.
You block the wolf spider's attack. x2; The wolf spider closely misses you.
The entropy weaver casts a spell at you.
The entropic weave corrodes you!
Your skin crawls.
You feel strong-willed. The wolf spider hits you!
* * * LOW HITPOINT WARNING * * *
The wolf spider bites you!
* * * LOW HITPOINT WARNING * * *
Your deep troll barely misses the tarantella.
Your deep troll closely misses the tarantella.
Your deep troll claws the tarantella!
The entropy weaver hits you.
* * * LOW HITPOINT WARNING * * *
You block the entropy weaver's attack. The entropy weaver misses you.
The entropy weaver hits you.
* * * LOW HITPOINT WARNING * * *
You feel much better. The wolf spider hits you!
* * * LOW HITPOINT WARNING * * *
The wolf spider bites you.
* * * LOW HITPOINT WARNING * * *
Your deep troll bites the tarantella!!
The tarantella dies!
Trog accepts your kill. You block the entropy weaver's attack.
The entropy weaver hits you!
* * * LOW HITPOINT WARNING * * *
The entropy weaver hits you!
You die...

)....#
####......
###...^.#B..
.....s....#
.........#
........#
###.......#
#@#s...>...
#sB†s..#..#
#BsT...#
#.......#
.....#..#
.....#####
.....##
....)..
#.......


You could see 2 entropy weavers, 2 wolf spiders, a tarantella and a friendly
deep troll (summoned, berserk).

Vanquished Creatures
  Rupert (D:15)
  Agnes (D:14)
  Louise (D:14)
  2 orc warlords
  The ghost of yakattack the Fighter, a journeyman DjEE of Ashenzari (D:13)
  A minotaur (Gauntlet)
  A dire elephant (D:15)
  A ghost crab (Lair:3)
  5 hydras
  A death knight (D:15)
  An ogre mage (D:15)
  4 boulder beetles
  3 catoblepae
  3 centaur warriors
  5 two-headed ogres
  A deep troll shaman (Lair:5)
  A tengu warrior (D:13)
  5 death yaks (Lair:5)
  5 orc high priests (Orc:2)
  Nergalle (Lair:3)
  2 skysharks
  A fire crab (Lair:5)
  A spectral catoblepas (Lair:3)
  A skeletal warrior (D:10)
  3 spriggan simulacra (D:14)
  A wizard (D:9)
  A lindwurm (Lair:5)
  5 orc knights
  4 orc sorcerers
  A deep elf pyromancer (D:15)
  A salamander (D:15)
  4 cyclopes
  4 ugly things
  4 manticores
  16 elephants
  3 black mambas
  Maurice (D:12)
  2 torpor snails
  2 gargoyles
  10 cane toads
  4 kobold demonologists (D:11)
  4 rime drakes
  5 komodo dragons
  5 yaktaurs (D:15)
  3 meliai (D:15)
  A tyrant leech (Gauntlet)
  A polar bear (Lair:3)
  6 trolls
  A troll (shapeshifter) (D:15)
  7 blink frogs
  5 dream sheep (Lair:5)
  21 slime creatures
  A spectral lindwurm (Lair:3)
  A spectral elephant (Lair:3)
  A dream sheep (shapeshifter) (D:15)
  A shadow (D:10)
  A vampire (D:13)
  3 wyverns
  40 yaks
  A dire elephant simulacrum (D:14)
  7 basilisks
  3 wraiths
  A minotaur simulacrum (D:14)
  A water elemental (D:15)
  16 humans
  3 redbacks
  4 steam dragons
  A harpy simulacrum (D:14)
  3 wargs
  4 swamp worms (Gauntlet)
  2 acid dragons
  14 water moccasins
  A sky beast (D:7)
  41 orc warriors
  2 ice beasts
  A spectral blink frog (Lair:3)
  A swamp drake (Lair:5)
  4 black bears
  11 ogres
  3 boggarts (D:14)
  29 wolves
  11 centaurs
  4 phantoms
  6 kobold brigands
  8 bullfrogs
  5 gnoll sergeants
  10 scorpions
  A deep troll simulacrum (D:14)
  20 wights
  22 killer bees
  A lindwurm simulacrum (D:14)
  2 howler monkeys
  An electric eel (Lair:1)
  A crimson imp (D:9)
  4 jellies
  2 hounds (D:5)
  19 orc priests
  Jessica (D:3)
  5 iguanas
  2 sleepcaps
  Ijyb (D:3)
  23 orc wizards
  7 adders
  31 gnolls
  2 shadow imps
  A white imp (D:8)
  3 ufetubi
  3 worms
  6 dart slugs
  100 orcs
  5 ball pythons
  5 endoplasms
  6 giant cockroaches
  24 goblins
  12 hobgoblins
  7 jackals
  8 quokkas
  6 bats
  A frilled lizard (D:1)
  30 kobolds
  3 rats
  2 butterflies (D:7)
786 creatures vanquished.

Vanquished Creatures (collateral kills)
  A tarantella (Spider:1)
1 creature vanquished.

Vanquished Creatures (others)
  A wolf (Lair:5)
  34 fungi
  50 plants
85 creatures vanquished.

Grand Total: 872 creatures vanquished

Notes
Turn   | Place    | Note
-------+----------+-------------------------------------------
     0 | D:1      | brinewave the Minotaur Berserker began the quest for the
                  | Orb.
     0 | D:1      | Reached XP level 1. HP: 19/19 MP: 0/0
   126 | D:1      | Reached XP level 2. HP: 24/27 MP: 1/1
   285 | D:1      | Reached skill level 4 in Fighting
   789 | D:1      | Reached XP level 3. HP: 27/33 MP: 2/2
   934 | D:2      | Found a faded altar of an unknown god.
  1154 | D:2      | Reached ** piety under Trog
  1307 | D:2      | Reached skill level 1 in Shields
  1307 | D:2      | Reached XP level 4. HP: 10/41 MP: 3/3
  1701 | D:3      | Noticed Ijyb
  1708 | D:3      | Killed Ijyb
  1827 | D:3      | Found an opulent altar of Gozag.
  1998 | D:3      | Noticed Jessica
  2026 | D:3      | Reached XP level 5. HP: 47/47 MP: 4/4
  2032 | D:3      | Killed Jessica
  2254 | D:3      | Found a runed translucent door.
  2255 | D:3      | Noticed Crazy Yiuf
  2442 | D:4      | Found a shimmering altar of Xom.
  2537 | D:4      | Identified the +2 leather armour of Tionguod {-Tele rF+
                  | rC++ Dex+5}
  2851 | D:4      | Reached skill level 5 in Fighting
  2851 | D:4      | Reached XP level 6. HP: 51/56 MP: 5/5
  3256 | D:5      | Entered Level 5 of the Dungeon
  3262 | D:5      | Reached skill level 5 in Axes
  3531 | D:5      | Reached *** piety under Trog
  3947 | D:5      | Reached XP level 7. HP: 58/61 MP: 6/6
  4113 | D:5      | Reached skill level 5 in Armour
  4146 | D:5      | Found a staircase to the Ecumenical Temple.
  4280 | D:5      | Reached skill level 6 in Fighting
  4296 | D:5      | Reached skill level 5 in Dodging
  4296 | D:5      | Reached XP level 8. HP: 70/70 MP: 7/7
  4398 | D:6      | Reached skill level 5 in Shields
  4890 | D:6      | Reached skill level 7 in Fighting
  4908 | D:6      | Found a glowing golden altar of the Shining One.
  4908 | D:6      | Found a hide-covered altar of Uskayaw.
  4985 | D:6      | Reached XP level 9. HP: 41/79 MP: 8/8
  5197 | D:6      | Reached **** piety under Trog
  5976 | D:7      | Found Civither's Distillery.
  5979 | D:7      | Bought a potion of curing for 36 gold pieces
  5979 | D:7      | Bought a potion of curing for 36 gold pieces
  5979 | D:7      | Bought a potion of curing for 36 gold pieces
  5979 | D:7      | Bought a potion of degeneration for 12 gold pieces
  5979 | D:7      | Bought a potion of invisibility for 96 gold pieces
  5979 | D:7      | Bought a potion of flight for 36 gold pieces
  5979 | D:7      | Bought a potion of berserk rage for 60 gold pieces
  5979 | D:7      | Bought a potion of brilliance for 48 gold pieces
  6051 | D:7      | Found Netzob's Armour Emporium.
  6112 | D:7      | Found Ruess's Assorted Antiques.
  6160 | D:7      | Found Seonk's Armour Shop.
  6161 | D:7      | Noticed an animated storm dragon scales
  6163 | D:7      | Noticed an animated plate armour
  6203 | D:7      | Found an ancient bone altar of Kikubaaqudgha.
  6224 | D:7      | Reached skill level 8 in Fighting
  6628 | D:7      | Found a runed translucent door.
  6630 | D:7      | Found a runed translucent door.
  6884 | D:8      | Reached ***** piety under Trog
  6944 | D:8      | Reached XP level 10. HP: 67/90 MP: 9/9
  7267 | D:8      | Reached skill level 9 in Fighting
  7986 | D:9      | Found a shimmering blue altar of Sif Muna.
  8000 | D:9      | Received a gift from Trog
  8238 | D:9      | Noticed a wizard
  8259 | D:9      | Killed a wizard
  8309 | D:9      | Found an iron altar of Okawaru.
  8337 | D:9      | Found Avorau's Assorted Antiques.
  8359 | D:9      | Found Urchonn's Antique Weapon Shop.
  8366 | D:9      | Found Zire's Antique Weapon Shop.
  8372 | D:9      | Bought a potion of curing for 78 gold pieces
  8372 | D:9      | Bought a potion of curing for 78 gold pieces
  8374 | D:9      | Found Daimni's Antique Weapon Shop.
  8481 | D:9      | Found a sacrificial altar of Ru.
  8608 | D:10     | Entered Level 10 of the Dungeon
  8661 | D:10     | Found a flagged portal.
  8673 | Bailey   | Entered a bailey
  8794 | Bailey   | Reached XP level 11. HP: 90/99 MP: 10/10
  8799 | Bailey   | Reached skill level 10 in Fighting
  8906 | Bailey   | Reached skill level 10 in Axes
  8963 | Bailey   | Noticed an orc warlord
  8990 | Bailey   | Killed an orc warlord
  8997 | Bailey   | HP: 3/100 [orc warrior/+0 war axe (23)]
  9398 | D:10     | Found a staircase to the Orcish Mines.
  9424 | D:10     | Reached skill level 10 in Armour
  9750 | D:10     | Noticed a skeletal warrior
  9776 | D:10     | Killed a skeletal warrior
  9786 | D:10     | Noticed a cyan ugly thing
 10001 | D:10     | Killed a cyan ugly thing
 10199 | D:10     | Acquired a manual of Throwing
 10266 | D:11     | Reached skill level 1 in Throwing
 10330 | D:11     | Reached skill level 10 in Shields
 10378 | D:11     | Reached skill level 11 in Fighting
 10394 | D:11     | Found an opulent altar of Gozag.
 10395 | D:11     | Found a staircase to the Lair.
 10715 | D:11     | Noticed a two-headed ogre
 10720 | D:11     | Killed a two-headed ogre
 10990 | Lair:1   | Entered Level 1 of the Lair of Beasts
 11213 | Lair:1   | Noticed a seven-headed hydra
 11226 | Lair:1   | Killed a one-headed hydra
 11227 | Lair:1   | Reached XP level 12. HP: 79/110 MP: 11/11
 11330 | Lair:1   | Reached skill level 10 in Dodging
 11516 | Lair:1   | Received a gift from Trog
 12245 | Lair:2   | Reached skill level 5 in Throwing
 12916 | Lair:3   | Noticed Nergalle
 12928 | Lair:3   | Killed Nergalle
 13153 | Lair:3   | Reached skill level 12 in Fighting
 13419 | Lair:3   | Found a hole to the Spider Nest.
 14208 | Lair:3   | Found a staircase to the Swamp.
 14208 | Lair:3   | Noticed a ghost crab
 14239 | Lair:3   | Killed a ghost crab
 14465 | Lair:4   | Reached XP level 13. HP: 113/115 MP: 12/12
 14552 | Lair:4   | Found a staircase to the Slime Pits.
 14882 | Lair:4   | Received a gift from Trog
 15376 | Lair:5   | Entered Level 5 of the Lair of Beasts
 16086 | Lair:5   | Reached skill level 13 in Fighting
 16779 | Lair:5   | Reached XP level 14. HP: 122/129 MP: 13/13
 16924 | Lair:5   | Identified the ring of Pynuv {Wiz rCorr}
 17655 | Orc:1    | Entered Level 1 of the Orcish Mines
 18125 | Orc:2    | Entered Level 2 of the Orcish Mines
 18235 | Orc:2    | Received a gift from Trog
 18417 | Orc:2    | Found a staircase to the Elven Halls.
 18559 | Orc:2    | Reached skill level 10 in Throwing
 19090 | Orc:2    | Reached ****** piety under Trog
 19606 | Orc:2    | Noticed an orc warlord
 19637 | Orc:2    | Killed an orc warlord
 19992 | Orc:2    | Found Juozxem's General Store.
 19993 | Orc:2    | Found Boxiav's Jewellery Emporium.
 19995 | Orc:2    | Found Xaozat's Antique Armour Shoppe.
 19995 | Orc:2    | Found Pacatod's Antique Weapon Shoppe.
 20000 | Orc:2    | Bought a pair of glowing boots for 157 gold pieces
 20018 | Orc:2    | Bought a ring of willpower for 325 gold pieces
 20018 | Orc:2    | Bought a ring of poison resistance for 260 gold pieces
 20018 | Orc:2    | Bought the ring "Perixt" {rF+ Int+2 Stlth+} for 507 gold
                  | pieces
 20344 | D:12     | Noticed Maurice
 20360 | D:12     | Killed Maurice
 20403 | D:12     | Reached skill level 14 in Fighting
 20508 | D:12     | You fall into a shaft and drop 3 floors!
 20508 | D:15     | Entered Level 15 of the Dungeon
 21277 | D:14     | Noticed Rupert
 21280 | D:14     | Paralysed by Rupert for 3 turns
 21284 | D:14     | Received a gift from Trog
 21346 | D:15     | Killed Rupert
 21423 | D:14     | Found a gate to the Vaults.
 21447 | D:14     | Noticed Agnes
 21460 | D:14     | Killed Agnes
 21570 | D:14     | Found a gate leading to a gauntlet.
 21576 | Gauntlet | Entered a Gauntlet
 21576 | Gauntlet | Found a transporter.
 21576 | Gauntlet | Found a transporter.
 21622 | Gauntlet | Found a transporter.
 21638 | Gauntlet | Found a transporter.
 21660 | Gauntlet | Found a transporter.
 21668 | Gauntlet | Found a transporter.
 21670 | Gauntlet | Noticed a quicksilver ooze
 21755 | Gauntlet | Found a transporter.
 21770 | Gauntlet | Found a transporter.
 21787 | Gauntlet | Found a transporter.
 21802 | Gauntlet | Found a transporter.
 21820 | Gauntlet | Found a transporter.
 21823 | Gauntlet | Identified the +10 broad axe "Utrid" {freeze, rElec Stlth+}
 21823 | Gauntlet | Identified the ring "Vugimot" {*Corrode Str+5 SInv}
 21914 | Gauntlet | Reached XP level 15. HP: 110/139 MP: 14/14
 21916 | Gauntlet | Found a transporter.
 21999 | Gauntlet | Found a transporter.
 22019 | Gauntlet | Found a transporter.
 22040 | Gauntlet | Identified the ring of Uvarulod {Str+6 Dex+3}
 22235 | Gauntlet | Identified the +0 pair of boots of Feasting {rC+}
 22354 | D:14     | Noticed Louise
 22396 | D:14     | Killed Louise
 22914 | D:13     | Found a radiant altar of Vehumet.
 23311 | D:13     | Received a gift from Trog
 23494 | D:12     | Identified the +5 hand axe of the Imbibing Gods {protect,
                  | rCorr Int+2 Dex+3}
 23808 | D:13     | Found a runed translucent gate.
 23808 | D:13     | Found a runed translucent gate.
 23808 | D:13     | Found a runed translucent gate.
 23810 | D:13     | Noticed yakattack's ghost (journeyman DjEE)
 23822 | D:13     | Killed yakattack's ghost
 23901 | D:13     | Identified the +0 helmet "Kaigyr" {rElec Int-2 Slay+3}
 24715 | D:14     | Found Xecugezu's General Store.
 24719 | D:14     | Bought a potion of curing for 45 gold pieces
 24719 | D:14     | Bought a potion of heal wounds for 75 gold pieces
 24803 | D:15     | Reached skill level 15 in Fighting
 25130 | D:15     | Found a basalt altar of Yredelemnul.
 25553 | D:15     | Found a staircase to the Depths.
 25820 | Spider:1 | Entered Level 1 of the Spider Nest
 25839 | Spider:1 | Slain by an entropy weaver

Illustrated notes

Levels and vault maps discovered:
D:1:      wheals_arrival_linesprint, layout_basic, dreamdust_princess_corridor,
          minmay_quantized
D:2:      minmay_wonky_spiral, layout_basic, hellmonk_ecumenical_altar_lost_god
D:3:      layout_loops_ring, lemuel_round_altar, uniq_ijyb,
          uniq_crazy_yiuf_cottage, uniq_jessica
D:4:      layout_basic, nicolae_overflow_crystal_walls
D:5:      cheibrodos_barr_body, layout_loops_ring, minmay_temple_entry_junction,
          grunt_decor_cap, serial_bayou_pond_d
D:6:      layout_basic, jmf_multi_god_temple, eino_curves_02
D:7:      lemuel_insect_pit, layout_basic, lemuel_crystal_altar, serial_shops,
          shop, nicolae_shop_mannequins, shop, kennysheep_mini_moat
D:8:      layout_cave_pools, special_room [special_room_orc],
          kennysheep_generic_room_5
D:9:      layout_rooms, nicolae_sif_muna_condensation,
          okawaru_altar_gauntlet_db, mainiacjoe_overflow_brackets,
          minmay_shop_grid_forest, lightli_wizard_tower
D:10:     layout_basic, orc_0_dummy, enter_bailey_3, minmay_checkerbox
D:11:     layout_roguey, lair_entry_dummy, dreamdust_princess_bridge,
          nicolae_gozag_seed_capital
D:12:     layout_rooms, uniq_maurice
D:13:     layout_stronghold, ebering_ghost_rock_garden, nicolae_vehumet_radiance
D:14:     layout_irregular_city, david_vaults_3, hangedman_decor_diamond_cutter,
          portal_ice_cave_entry_ice_simulacra, serial_shops, shop,
          gauntlet_entry_generic, uniq_agnes, uniq_louise
D:15:     hangedman_depths_entry_try_elsewhere_first, layout_basic,
          lemuel_doored_altar, hangedman_decor_push
Lair:1:   layout_regular_city, fungi_pond_lemuel, small_statue_intersection,
          lemuel_fruit_fields, infiniplex_staircase_pool_2
Lair:2:   layout_regular_city, infiniplex_staircase_pool, lemuel_fruit_fields
Lair:3:   layout_cave_pods, nicolae_swamp_entry_spooky,
          spider_nest_entry_funnel_web, grunt_megastairs_3, uniq_nergalle
Lair:4:   layout_roguey, minmay_slime_entry_pillars, st_stairs_12, minmay_holes,
          uniq_rupert
Lair:5:   grunt_lair_end_beastmaster, layout_regular_city, guppyfry_lair_drakes,
          lemuel_fruit_tree
Spider:1: nicolae_spider_mines_2
Orc:1:    layout_caves, mines1_david
Orc:2:    st_orc_congregation, layout_caves, kennysheep_orc_chapel

Skill      XL: |  1  2  3  4  5  6  7  8  9 10 11 12 13 14 15 |
---------------+----------------------------------------------+-----
Axes           | 4 5 6 7 8 9 11 12 13 14 | 14.9
Fighting       | 4 5 6 7 8 9 11 12 13 14 15 | 15.1
Armour         | 3 4 5 6 8 9 10 12 13 14 | 14.8
Dodging        | 3 4 5 6 7 8 9 10 11 12 13 | 13.6
Shields        | 1 2 3 4 5 7 8 10 11 12 13 14 | 14.4
Throwing       | 3 7 9 11 12 | 12.8

Action                     |  1- 3 |  4- 6 |  7- 9 | 10-12 | 13-15 || total
---------------------------+-------+-------+-------+-------+-------++-------
  Melee: Hand axe          |    96 |    69 |   173 |    11 |    31 ||   380
         Headbutt          |    22 |    16 |    54 |   118 |   273 ||   483
         Punch             |     1 |       |       |       |       ||     1
         Spear             |       |    53 |       |       |       ||    53
         War axe           |       |       |    87 |   691 |   893 ||  1671
         Broad axe         |       |       |       |       |   113 ||   113
  Throw: Dart              |       |       |     2 |     3 |    20 ||    25
         Javelin           |       |       |       |       |     3 ||     3
 Invoke: Berserk           |       |     2 |       |     5 |     5 ||    12
         Trog's Hand       |       |       |       |     1 |     2 ||     3
         Brothers in Arms  |       |       |       |       |     1 ||     1
    Use: Scroll            |       |    10 |     8 |     7 |     7 ||    32
         Potion            |       |       |       |     1 |     3 ||     4
   Stab: Petrified         |       |       |       |       |     7 ||     7
 Armour: Ring mail         |    18 |       |       |       |       ||    18
         Chain mail        |    14 |    48 |    89 |    78 |       ||   229
         Plate armour      |       |       |       |   178 |   401 ||   579
  Dodge: Dodged            |    39 |    39 |   127 |   228 |   318 ||   751
  Block: Buckler           |     2 |    14 |    67 |    28 |       ||   111
         Tower shield      |       |       |       |   441 |   754 ||  1195
         Reflection        |       |       |       |       |    24 ||    24
